 Dungeon Crawl Stone Soup version 0.28.0-53-g5a82cb258f (webtiles) character file.

Game seed: 3472415350587160191

3129 safid the Severer (level 9, 0/74 HPs)
             Began as a Hill Orc Fighter on July 8, 2022.
             Was an Initiate of Beogh.
             Slain by an unseen horror (9 damage)
             ... on level 8 of the Dungeon on July 9, 2022.
             The game lasted 00:14:56 (7325 turns).

safid the Severer (Hill Orc Fighter)                Turns: 7325, Time: 00:14:56

Health: 0/74       AC: 10    Str: 29    XL:     9   Next: 92%
Magic:  9/9        EV:  9    Int:  8    God:    Beogh [......]
Gold:   296        SH:  4    Dex: 10    Spells: 8/8 levels left

rFire   . . .      SeeInvis .   a - +0 war axe
rCold   . . .      Faith    .   c - +0 buckler
rNeg    + . .      Spirit   .   b - +0 scale mail
rPois   .          Reflect  .   B - +2 helmet
rElec   .          Harm     .   (no cloak)
rCorr   .          Rampage  .   (no gloves)
Will    .....                   (no boots)
Stlth   ..........              j - amulet of regeneration
HPRegen 1.02/turn               p - +6 ring of strength
MPRegen 0.11/turn               d - ring of positive energy

@: studying Invocations
A: no striking features
a: Renounce Religion


You were on level 8 of the Dungeon.
You worshipped Beogh.
Beogh was noncommittal.
You visited 1 branch of the dungeon, and saw 8 of its levels.

You collected 380 gold pieces.
You spent 84 gold pieces at shops.

Inventory:

Hand Weapons
 a - a +0 war axe (weapon)
Missiles
 z - 2 poisoned darts (quivered)
 A - a throwing net
Armour
 b - a +0 scale mail (worn)
 c - a +0 buckler (worn)
 B - a +2 helmet (worn)
Jewellery
 d - a ring of positive energy (right hand)
 j - an amulet of regeneration (around neck)
 p - a +6 ring of strength (left hand)
 t - a +4 ring of evasion
 u - a ring of fire
Wands
 n - a wand of mindburst (7)
 r - a wand of polymorph (20)
Scrolls
 e - 4 scrolls of teleportation
 h - 2 scrolls of fog {unknown}
 i - a scroll of enchant weapon {unknown}
 l - 3 scrolls of amnesia {unknown}
 m - a scroll of acquirement {unknown}
 s - a scroll of brand weapon {unknown}
 v - a scroll of fear {unknown}
 w - 3 scrolls of vulnerability
 y - 2 scrolls of enchant armour
 E - a scroll of immolation {unknown}
 G - a scroll of summoning {unknown}
 H - a scroll of noise {unknown}
 I - a scroll of silence {unknown}
 L - a scroll of blinking {unknown}
Potions
 f - a potion of invisibility
 g - 3 potions of mutation {unknown}
 k - 2 potions of curing
 o - 3 potions of haste {unknown}
 q - 3 potions of attraction {unknown}
 x - 3 potions of magic {unknown}
 C - a potion of cancellation {unknown}
 D - 2 potions of brilliance {unknown}
 F - a potion of ambrosia {unknown}
 J - a potion of berserk rage {unknown}
 K - a potion of flight {unknown}


   Skills:
 + Level 5.3 Fighting
 - Level 16.0 Axes
 + Level 5.1 Armour
 - Level 4.0 Shields


You had 8 spell levels left.
You didn't know any spells.
Your spell library contained the following spells:

 Spells                   Type           Power      Damage    Failure   Level
 Slow                     Hex            0%         N/A       75%         1
 Confusing Touch          Hex            0%         N/A       98%         3
 Ignite Poison            Fire/Tmut/Pois 0%         N/A       98%         3
 Mephitic Cloud           Conj/Pois/Air  0%         N/A       98%         3
 Ozocubu's Armour         Ice            0%         N/A       98%         3
 Tukima's Dance           Hex            0%         N/A       98%         3
 Vampiric Draining        Necr           0%         2d6       98%         3
 Anguish                  Hex/Necr       0%         N/A       100%        4
 Freezing Cloud           Conj/Ice/Air   0%         6-21      100%        5
 Enfeeble                 Hex            0%         N/A       100%        7
 Ozocubu's Refrigeration  Ice            0%         4d5       100%        7


Dungeon Overview and Level Annotations

Branches:
Dungeon (8/15)             Temple (0/1) D:7            Lair (0/6) D:8

Altars:
Gozag
Hepliaklqana
Nemelex Xobeh

Shops:
D:4 !   D:6 [([(:

Annotations:
D:4 3 runed translucent doors, Sin92's ghost, amateur DsFi


Message History

You feel sick. Something hits you!
Things that are here:
a +0 dagger; a +0 robe; a killer bee corpse You closely miss something.
You block something's attack. Something hits you but does no damage.
You barely miss something.
You feel sick. Something hits you.
You miss something.
You feel sick. Something hits you but does no damage.
You miss something.
You feel sick.
You are no longer poisoned.
Something hits you!
* * * LOW HITPOINT WARNING * * *
Something hits you!
* * * LOW HITPOINT WARNING * * *
You slash something! Something hits you.
* * * LOW HITPOINT WARNING * * *
You feel better.
Something hits you but does no damage. x2
You barely miss something. Something hits you.
* * * LOW HITPOINT WARNING * * *
Something hits you!
* * * LOW HITPOINT WARNING * * *
You closely miss something. Something hits you.
* * * LOW HITPOINT WARNING * * *
Something hits you but does no damage. You block something's attack.
Something hits you.
* * * LOW HITPOINT WARNING * * *
Something hits you but does no damage. Something completely misses you.
Something hits you but does no damage. Something hits you.
* * * LOW HITPOINT WARNING * * *
You miss something. Something hits you.
* * * LOW HITPOINT WARNING * * *
You feel better. Something hits you but does no damage. Something hits you!
* * * LOW HITPOINT WARNING * * *
You closely miss something. Something hits you but does no damage.
Something hits you.
* * * LOW HITPOINT WARNING * * *
You hit something. Something hits you but does no damage.
You miss something. Something hits you!
You die...

......)[))..#.#
..............#
.......>......#
##......(...#.#
##..........#.#
##.#..P....##.#
##.#.......##.#
##.##.....##..#########
#####...####...@{Z...#
##.## #########.# #...
#)# ####.# #)# # #)#
#.. #... #.... #.....


You could see a centaur zombie.

Vanquished Creatures
  Grinder (D:5)
  A hornet (D:7)
  Eustachio (D:5)
  A warg (D:8)
  Edmund (D:6)
  2 water moccasins (D:7)
  An orc warrior (D:8)
  An ice beast (D:7)
  2 sky beasts
  A necrophage (D:6)
  2 black bears (D:7)
  An ogre (D:6)
  A centaur (D:7)
  3 bullfrogs (D:7)
  A scorpion (D:6)
  A wyvern zombie (D:7)
  3 killer bees (D:8)
  5 wights
  A bullfrog zombie (D:6)
  3 hounds
  2 orc priests (D:8)
  A bullfrog skeleton (D:5)
  A scorpion zombie (D:5)
  2 gnoll shamans
  2 iguanas
  4 orc wizards (D:8)
  A hound skeleton (D:4)
  A howler monkey zombie (D:5)
  6 gnolls
  7 adders
  A shadow imp (D:7)
  A white imp (D:6)
  An ufetubus (D:7)
  A worm (D:2)
  4 dart slugs
  8 orcs
  8 bats
  6 endoplasms
  4 giant cockroaches
  12 goblins
  3 hobgoblins
  11 jackals
  6 kobolds
  4 quokkas
  11 ball pythons
  A frilled lizard (D:1)
  5 rats
147 creatures vanquished.

Vanquished Creatures (others)
  A warg (D:8)
  An orc priest (D:8)
  2 orcs (D:8)
  18 plants (D:7)
22 creatures vanquished.

Grand Total: 169 creatures vanquished

Notes
Turn   | Place    | Note
-------+----------+-------------------------------------------
     0 | D:1      | safid the Hill Orc Fighter began the quest for the Orb.
     0 | D:1      | Reached XP level 1. HP: 19/19 MP: 1/1
   105 | D:1      | You fall into a shaft and drop 1 floor!
   127 | D:2      | Reached XP level 2. HP: 27/27 MP: 2/2
   128 | D:2      | Reached skill level 3 in Axes
   245 | D:2      | Found an opulent altar of Gozag.
   353 | D:1      | Reached XP level 3. HP: 33/33 MP: 3/3
   808 | D:1      | Found a faded altar of an unknown god.
   842 | D:1      | Reached XP level 4. HP: 33/40 MP: 4/4
  1218 | D:2      | Reached skill level 4 in Axes
  2359 | D:3      | Reached skill level 5 in Axes
  2858 | D:4      | Reached XP level 5. HP: 43/46 MP: 5/5
  2888 | D:4      | Found a runed translucent gate.
  2889 | D:4      | Found a runed translucent gate.
  2890 | D:4      | Found a runed translucent gate.
  3324 | D:4      | Reached skill level 6 in Axes
  3755 | D:4      | Noticed Sin92's ghost (amateur DsFi)
  3861 | D:4      | Found Maniacs's Distillery.
  3864 | D:4      | Bought a potion of heal wounds for 70 gold pieces
  3864 | D:4      | Bought a potion of degeneration for 14 gold pieces
  4013 | D:5      | Entered Level 5 of the Dungeon
  4121 | D:5      | Noticed Grinder
  4162 | D:5      | Reached XP level 6. HP: 48/52 MP: 6/6
  4175 | D:5      | Killed Grinder
  4176 | D:5      | Reached skill level 8 in Axes
  4245 | D:5      | Reached XP level 7. HP: 59/59 MP: 7/7
  4514 | D:5      | Reached skill level 9 in Axes
  4604 | D:5      | Noticed Eustachio
  4624 | D:5      | Killed Eustachio
  4747 | D:5      | Reached skill level 10 in Axes
  4949 | D:6      | Found Duanasie's Antique Armour Shoppe.
  5076 | D:6      | Found Ryidonaf's Weapon Shoppe.
  5104 | D:6      | Reached skill level 11 in Axes
  5104 | D:6      | Reached XP level 8. HP: 49/66 MP: 8/8
  5216 | D:6      | Found Bialoz's Armour Boutique.
  5311 | D:6      | Found Plog's Book Emporium.
  5357 | D:6      | Noticed Edmund
  5398 | D:6      | Killed Edmund
  5399 | D:6      | Reached skill level 12 in Axes
  5527 | D:6      | Found Ontuast's Weapon Shop.
  5554 | D:6      | Identified the +6 dagger "Uqimutesm" {freeze, +Blink rPois
                  | Str-4 Dex-2}
  5755 | D:7      | Reached skill level 13 in Axes
  5773 | D:7      | Found a hazy altar of Hepliaklqana.
  5819 | D:7      | Reached XP level 9. HP: 71/71 MP: 9/9
  5824 | D:7      | Reached skill level 14 in Axes
  5912 | D:7      | Found a sparkling altar of Nemelex Xobeh.
  5940 | D:7      | Found a staircase to the Ecumenical Temple.
  5989 | D:7      | Noticed a hornet
  5995 | D:7      | Paralysed by a hornet for 1 turns
  6093 | D:7      | Paralysed by a hornet for 1 turns
  6099 | D:7      | Killed a hornet
  6150 | D:7      | Reached skill level 15 in Axes
  6711 | D:8      | Became a worshipper of Beogh the Brigand
  6713 | D:8      | Found a staircase to the Lair.
  6720 | D:8      | Reached skill level 16 in Axes
  7281 | D:8      | Reached skill level 5 in Fighting
  7293 | D:8      | Reached skill level 5 in Armour
  7325 | D:8      | Slain by an unseen horror

Illustrated notes

Levels and vault maps discovered:
D:1:      grunt_arrival_crossed_arrows, layout_loops_cross,
          shapermc_ecumenical_altar_mp_highgroup
D:2:      layout_loops_ring, basic_altar
D:3:      layout_basic, lemuel_flame_loot_1
D:4:      layout_layer_cave, serial_shops, kennysheep_mini,
          gammafunk_ghost_necromancy
D:5:      layout_loops_corners, hangedman_decor_push, minmay_crystal_room,
          uniq_grinder, uniq_eustachio
D:6:      layout_basic, serial_shops, nicolae_shop_bloodbath_and_beyond,
          nicolae_stop_n_shop_1, nicolae_lakefront_shop, shop,
          nicolae_shop_trees, grunt_ministairs_10,
          hangedman_abyss_or_decor_lesser_grid, uniq_edmund
D:7:      layout_cave_pools, nemelex_diamond_rough_becter, lemuel_crystal_altar,
          minmay_temple_entry_mist, kennysheep_boxes
D:8:      layout_loops_ring, erik_lair_orcish_takeover

Skill      XL: |  1  2  3  4  5  6  7  8  9 |
---------------+----------------------------+-----
Axes           | 3 5 6 8 11 13 16 | 16.0
Fighting       | 4 5 |  5.3
Armour         | 4 5 |  5.1
Shields        | 4 |  4.0

Action                   |  1- 3 |  4- 6 |  7- 9 || total
-------------------------+-------+-------+-------++-------
Melee: War axe           |    75 |   167 |   272 ||   514
Throw: Dart              |       |       |     2 ||     2
Invok: Convert to Beogh  |       |       |     1 ||     1
  Use: Scroll            |       |       |     6 ||     6
       Potion            |       |       |     9 ||     9
 Stab: Invisible         |       |       |     1 ||     1
Armor: Scale mail        |    31 |    84 |   120 ||   235
Dodge: Dodged            |    35 |    99 |   104 ||   238
Block: Buckler           |    25 |    39 |    42 ||   106
